AoeStats
← Recnec

Arena

509475804Analyzed
2v2 RM · 6d ago on Sep 26, 2026· 47m 21s· 4 players
Game mode
Random Map
Map size
Medium (4 player)
Population
200
Speed
Normal
Resources
Standard
Victory
Conquest
Starting age
Dark Age
Ending age
Imperial Age
RankedLock teamsTeams togetherTeam positionsShared explorationLock speedFull tech treeHidden civsTurbo modeCheats
Victory
Defeat
🇪🇸 Koreans · Spain
955
+17
🇪🇸 Slavs · Spain
889
+19
🇨🇴 Varangians · Colombia
967
-18
🇨🇴 Ethiopians · Colombia
965
-18
Papol
11:46 Feudal Age
13:30 Double-Bit Axe
15:57 Castle Age
18:51 Bow Saw
20:37 Squires
20:32 Fletching
21:41 Wheelbarrow
22:25 Forging
24:50 Scale Mail Armor
24:14 Crossbowman
24:56 Horse Collar
26:50 Hand Cart
27:08 Bodkin Arrow
28:07 Thumb Ring
28:20 Heavy Plow
28:47 Padded Archer Armor
29:51 Elite Skirmisher
32:53 Ballistics
33:31 Caravan
36:09 Imperial Age
33:26 Town Watch
33:28 Loom
36:14 Town Patrol
36:14 Arbalester
37:05 Bracer
37:21 Leather Archer Armor
37:44 Iron Casting
37:25 Chain Mail Armor
38:31 Chemistry
37:38 Siege Engineers
38:34 Conscription
39:05 Halberdier
42:38 Ring Archer Armor
Racbots
10:51 Feudal Age
11:23 Loom
15:08 Castle Age
13:42 Double-Bit Axe
14:42 Horse Collar
16:18 Wheelbarrow
25:20 Fletching
30:07 Elite Skirmisher
35:54 Heavy Plow
41:54 Padded Archer Armor
43:23 Arson
43:40 Squires
43:25 Gambesons
Draek
11:39 Feudal Age
16:42 Castle Age
14:58 Horse Collar
15:19 Double-Bit Axe
15:50 Gold Mining
16:42 Stone Mining
21:18 Town Watch
22:47 Loom
26:04 Bow Saw
27:30 Wheelbarrow
28:50 Scale Barding Armor
28:56 Forging
30:21 Bloodlines
30:48 Hand Cart
34:13 Imperial Age
32:07 Murder Holes
32:15 Husbandry
32:09 Fletching
32:22 Squires
32:37 Heavy Plow
34:08 Gold Shaft Mining
34:58 Heavy Scorpion
38:23 Chemistry
38:09 Hoardings
38:39 Conscription
39:21 Capped Ram
40:48 Siege Ram
40:59 Elite Boyar
42:04 Chain Barding Armor
42:20 Iron Casting
44:06 Plate Barding Armor
47:03 Light Cavalry
Recnec
11:51 Feudal Age
15:25 Castle Age
14:39 Fletching
15:49 Double-Bit Axe
16:09 Crossbowman
17:05 Crossbowman
17:52 Horse Collar
18:45 Loom
20:15 Bow Saw
24:50 Ballistics
25:51 Gold Mining
26:05 Heavy Plow
31:13 Masonry
32:56 Gold Shaft Mining
32:45 Thumb Ring
39:42 Imperial Age
37:55 Wheelbarrow
37:45 Eupseong
38:31 Murder Holes
41:05 Conscription
42:13 Guilds
41:31 Elite War Wagon
44:20 Hand Cart
45:12 Chemistry
44:18 Siege Engineers
44:45 Architecture
45:14 Husbandry
44:35 Light Cavalry
45:25 Bodkin Arrow
45:37 Scale Barding Armor
46:59 Shinkichon
47:49 Two-Man Saw
47:08 Bracer
47:31 Chain Barding Armor
Connection lost

Rejoining the realm…

Still unreachable

The connection could not be restored.

Session expired

The server has moved on; the page needs a fresh start.